 Dungeon Crawl Stone Soup version 0.31.0-1-g2c135a008e (webtiles) character file.

Game seed: 16731522538225543383

133 qw the Shooter (level 5, 0/40 HPs)
             Began as a Djinni Hunter on Jan 24, 2024.
             Slain by a river rat (2 damage)
             ... in a sewer.
             The game lasted 00:00:08 (2386 turns).

qw the Shooter (Djinni Hunter)                      Turns: 2386, Time: 00:00:09

Health: 0/40       AC:  6    Str: 10    XL:     5   Next: 40%
Gold:   145        EV: 13    Int: 10    God:
                   SH:  0    Dex: 19

rFire   + + +        a - +0 shortbow
rCold   x . .        (shield currently unavailable)
rNeg    . . .        c - +0 leather armour
rPois   inf          (no helmet)
rElec   .            k - +2 cloak
rCorr   .            (no gloves)
SInv    .            (boots unavailable)
Will    .....        (no amulet)
Stlth   ++           i - ring of protection from fire
HPRegen 0.26/turn    (no ring)
MPRegen 0.00/turn

%: infuse magic (-1 HP)
@: flying
A: sickness immunity, fire resistance 2, cold vulnerability 1, float, innate
caster, HP casting, extra vitality 1
a: no special abilities


You were in a sewer.
You visited 1 branch of the dungeon, and saw 3 of its levels.
You also visited: Sewer.

You collected 145 gold pieces.


Innate Abilities, Weirdness & Mutations

You are immune to sickness and miasma.
You are immune to poison.
Your flesh is very heat resistant. (rF++)
You are vulnerable to cold. (rC-)
You float through the air rather than walking.
You learn spells naturally, not from books.
Your magical power is your life essence.
You have superior vitality. (+4 MHP)


   Skills:
 - Level 3.0 Fighting
 + Level 4.5 Ranged Weapons
 - Level 3.0 Dodging
 - Level 0.7 Stealth


You knew the following spells:

 Your Spells              Type           Power      Damage    Failure   Level
a - Summon Small Mammal   Summ           0%         N/A       45%         1
b - Blink                 Tloc           0%         N/A       61%         2
Your spell library was empty.

Inventory:

Hand Weapons
 a - a +0 shortbow (weapon)
Armour
 c - a +0 leather armour (worn)
 k - a +2 cloak (worn)
Jewellery
 i - a ring of protection from fire (left hand)
Scrolls
 f - a scroll of enchant armour
Potions
 e - 2 potions of might
 g - a potion of cancellation
 h - 2 potions of curing

Dungeon Overview and Level Annotations

Branches:
Dungeon (3/15)              Sewer (1/1)

Altars:
Dithmenos
Ru
Yredelemnul

Annotations:
D:3 2 transporters, qw's ghost, amateur DjHu


Message History

You shoot an arrow. The arrow closely misses the river rat.
The river rat completely misses you. The river rat closely misses you.
The rat closely misses you.
You shoot an arrow. The arrow barely misses the river rat.
The river rat closely misses you.
The river rat bites you but does no damage.
The rat bites you but does no damage. The river rat barely misses you.
The rat bites you but does no damage. The river rat bites you.
You shoot an arrow.
The arrow hits the river rat but does no damage.
The river rat is severely wounded.
The river rat barely misses you. The rat barely misses you.
The river rat bites you.
You shoot an arrow. The arrow barely misses the river rat.
The river rat barely misses you.
The rat splashes around in the water.
The river rat misses you.
You shoot an arrow. The arrow hits the river rat.
You kill the river rat!
The river rat completely misses you. The rat closely misses you.
You shoot an arrow. The arrow barely misses the river rat.
The river rat closely misses you. The rat barely misses you.
The river rat barely misses you. The rat barely misses you.
You shoot an arrow.
The arrow hits the river rat but does no damage.
The river rat barely misses you. The rat bites you.
You shoot an arrow.
The arrow hits the river rat but does no damage.
The river rat barely misses you. The rat barely misses you.
You shoot an arrow.
The arrow hits the river rat but does no damage.
The river rat bites you. The rat barely misses you.
You shoot an arrow.
The arrow hits the river rat but does no damage.
The river rat closely misses you.
The rat twitches its whiskers.
The rat completely misses you.
You shoot an arrow.
The arrow hits the river rat but does no damage.
The river rat bites you.
You die...

#~~~~~~#
#~~~~~~#
#~~~~~~#
#~~~~~~#
#~~#~~~#
#~~~~.~#
#~~#~~~#
#~.~~~~#
#~~~r@~#
#~~~~r~#
#~~~~~~#
#~~%~~~#
#~~~~~~#
#.~~~%.#
#...%..#
....%.##


You could see a river rat and a rat.

Vanquished Creatures
  A hound skeleton (D:2)
  3 adders
  2 river rats (Sewer)
  An adder skeleton (D:2)
  2 ribbon worms
  A dart slug (D:2)
  4 orcs (D:3)
  4 ball pythons
  A bat skeleton (D:2)
  7 endoplasms
  2 giant cockroaches
  5 goblins
  7 hobgoblins
  2 jackals (D:1)
  A quokka (D:1)
  A ball python zombie (D:2)
  4 bats
  A frilled lizard (D:2)
  3 kobolds
  10 rats
62 creatures vanquished.

Notes
Turn   | Place    | Note
-------+----------+-------------------------------------------
     0 | D:1      | qw the Djinni Hunter began the quest for the Orb.
     0 | D:1      | Reached XP level 1. HP: 18/18 MP: 0/0
     0 | D:1      | 0 ||| qw: Version: 0.3-a-136-gdd3b4e8
     0 | D:1      | 0 ||| qw: Game counter: 1332
     0 | D:1      | 0 ||| qw: Melee chars always use a shield: true
     0 | D:1      | 0 ||| qw: God list: Okawaru
     0 | D:1      | 0 ||| qw: Allow faded altars: false
     0 | D:1      | 0 ||| qw: Do Orc after clearing Dungeon:15 true
     0 | D:1      | 0 ||| qw: Do second Lair branch before Depths: true
     0 | D:1      | 0 ||| qw: Lair rune preference: random
     0 | D:1      | 0 ||| qw: Goals: Normal
     0 | D:1      | 0 ||| PLANNING D:1-11
   136 | D:1      | Reached XP level 2. HP: 23/23 MP: 0/0
   562 | D:1      | Reached XP level 3. HP: 28/28 MP: 0/0
   562 | D:1      | Learned a level 1 spell: Summon Small Mammal
   564 | D:1      | Reached skill level 4 in Ranged Weapons
   575 | D:1      | 575 ||| DROPPING +2 sling of flaming.
   886 | D:1      | 886 ||| UPGRADING to +2 cloak.
   891 | D:1      | 891 ||| UPGRADING to ring of protection from fire.
   892 | D:1      | 892 ||| READING 2 scrolls labelled SEPLELUOMO.
   893 | D:1      | 893 ||| READING 2 scrolls labelled ALETRA ALIJ.
   894 | D:1      | 894 ||| READING scroll labelled LEUSIU GOEPOI.
   895 | D:1      | 895 ||| DRINKING 3 silvery potions.
   896 | D:1      | 896 ||| DROPPING scroll of butterflies.
   897 | D:1      | 897 ||| DROPPING scroll of amnesia.
   898 | D:1      | 898 ||| DROPPING scroll of poison.
  1219 | D:2      | Reached XP level 4. HP: 31/34 MP: 0/0
  1267 | D:2      | Reached skill level 3 in Fighting
  1740 | D:2      | 1740 ||| READING scroll labelled DAN ZOYBREISK.
  1741 | D:2      | 1741 ||| READING 2 scrolls labelled WIPSID TUOMANG.
  1741 | D:2      | 1741 ||| IDENTIFYING blue potion
  1742 | D:2      | 1742 ||| READING scroll of identify.
  1742 | D:2      | 1742 ||| IDENTIFYING 2 golden potions
  1743 | D:2      | 1743 ||| READING scroll labelled KUFOVO VUD VIG.
  1743 | D:2      | 1743 ||| ENCHANTING +0 shortbow.
  1744 | D:2      | 1744 ||| DROPPING 2 potions of attraction.
  1766 | D:3      | 1766 ||| PLANNING SEWER
  1778 | D:3      | Reached skill level 3 in Dodging
  1828 | D:3      | Found a shadowy altar of Dithmenos.
  1873 | D:3      | Found a sacrificial altar of Ru.
  2014 | D:3      | Found a faded altar of an unknown god.
  2019 | D:3      | Found a basalt altar of Yredelemnul.
  2164 | D:3      | Reached XP level 5. HP: 40/40 MP: 0/0
  2164 | D:3      | Learned a level 2 spell: Blink
  2173 | D:3      | Found a transporter.
  2201 | D:3      | Noticed qw's ghost (amateur DjHu)
  2257 | D:3      | Found a faded altar of an unknown god.
  2291 | D:3      | Found a glowing drain.
  2292 | D:3      | 2292 ||| READING scroll of identify.
  2292 | D:3      | 2292 ||| IDENTIFYING fuming silvery potion
  2293 | D:3      | 2293 ||| READING scroll labelled OJUIRI ANUEPRU.
  2305 | D:3      | Found a transporter.
  2337 | Sewer    | Entered a sewer
  2377 | Sewer    | HP: 10/40 [river rat (4)]
  2382 | Sewer    | HP: 5/40 [rat (1)]
  2384 | Sewer    | HP: 2/40 [river rat (4)]
  2386 | Sewer    | Slain by a river rat

Levels and vault maps discovered:
D:1:      minmay_arrival_open_corners, layout_basic, minmay_tromino_v4_a
D:2:      layout_basic, serial_undead, serial_undead_f, serial_undead_c,
          serial_undead_a, serial_undead_a
D:3:      layout_loops_ring, nicolae_overflow_ecumenical_swirl,
          mainiacjoe_overflow_concentric_impassable,
          mainiacjoe_overflow_catwalk,
          dreamdust_ecumenical_altar_angels_and_demons, portal_sewer_entry_d,
          gammafunk_ghost_stat_death, chequers_arboretum
Sewer:    sewer_minmay_w

Skill      XL: |  1  2  3  4 |
---------------+-------------+-----
Ranged Weapons | 4 |  4.5
Fighting       | 3 |  3.0
Dodging        | 3 |  3.0
Stealth        | |  0.7

Action                     |  1- 3 |  4- 6 || total
---------------------------+-------+-------++-------
   Fire: Shortbow          |    78 |   118 ||   196
    Use: Scroll            |     3 |     6 ||     9
         Potion            |     1 |       ||     1
 Armour: Leather armour    |    16 |    45 ||    61
  Dodge: Dodged            |    35 |    84 ||   119

Table legend:
 A = Non-vault XP
 B = Vault XP
 C = Vault XP percentage of total XP
 D = Non-vault monster count
 E = Vault monster count
 F = Vault count percentage of total count
                 A         B        C        D         E       F
            +---------+---------+-------+---------+---------+-------
      Total |     107 |      84 |  44.0 |      42 |      20 |  32.3
            +---------+---------+-------+---------+---------+-------
        D:1 |      32 |       6 |  15.8 |      19 |       3 |  13.6
        D:2 |      32 |      27 |  45.8 |       9 |       4 |  30.8
        D:3 |      43 |      13 |  23.2 |      14 |       1 |   6.7
      Sewer |       0 |      38 | 100.0 |       0 |      12 | 100.0
            +---------+---------+-------+---------+---------+-------
